 Dungeon Crawl Stone Soup version 0.30.1 (webtiles) character file.

Game seed: 9998376996482022845

3654 AIAndy the Nimble (level 10, -3/79 HPs)
             Began as a Gnoll Wanderer on July 4, 2023.
             Was a Follower of Uskayaw.
             Slain by a yak (13 damage)
             ... on level 8 of the Dungeon.
             The game lasted 00:32:29 (7754 turns).

AIAndy the Nimble (Gnoll Wanderer)                  Turns: 7754, Time: 00:32:29

Health: -3/79      AC: 10    Str: 11    XL:     10   Next: 12%
Magic:  10/18      EV: 14    Int: 11    God:    Uskayaw [*.....]
Gold:   48         SH:  5    Dex: 17    Spells: 19/20 levels left

rFire   + . .        j - +2 dagger (elec)
rCold   . . .        (no shield)
rNeg    + . .        B - +2 scale mail {rN+}
rPois   .            (no helmet)
rElec   .            H - +0 cloak
rCorr   .            (no gloves)
SInv    .            (no boots)
Will    +....        D - amulet of reflection
Stlth   ++           f - ring of protection from fire
HPRegen 0.33/turn    x - ring of willpower
MPRegen 0.16/turn

%: reflection
@: no status effects
A: fangs 1, strong nose, distributed training
a: Renounce Religion, Stomp


You were on level 8 of the Dungeon.
You worshipped Uskayaw.
Uskayaw was noncommittal.
You visited 1 branch of the dungeon, and saw 8 of its levels.
You also visited: Sewer.

You collected 385 gold pieces.
You spent 337 gold pieces at shops.

Inventory:

Hand Weapons
 j - a +2 dagger of electrocution (weapon)
 I - a +0 sling of freezing
 J - a +2 whip of flaming
Missiles
 b - 2 throwing nets
 u - 7 poisoned darts (quivered)
 G - 4 boomerangs
Armour
 e - a +1 leather armour
 m - a +0 plate armour
 B - a +2 scale mail of positive energy (worn)
 H - a +0 cloak (worn)
Jewellery
 f - a ring of protection from fire (left hand)
 g - an amulet of guardian spirit
 x - a ring of willpower (right hand)
 y - a ring of magical power
 D - an amulet of reflection (around neck)
Wands
 h - a wand of flame (17)
 C - a wand of paralysis (6)
Scrolls
 a - a scroll of amnesia {unknown}
 c - 2 scrolls of teleportation
 n - a scroll of fear {unknown}
 o - 6 scrolls of magic mapping {unknown}
 p - 3 scrolls of enchant weapon
 q - 2 scrolls of blinking {unknown}
 t - 2 scrolls of summoning {unknown}
 A - a scroll of immolation {unknown}
 F - a scroll of vulnerability {unknown}
 K - a scroll of brand weapon {unknown}
 M - a scroll of acquirement {unknown}
 N - a scroll of poison {unknown}
Potions
 d - 2 potions of invisibility
 i - 2 potions of brilliance
 k - 2 potions of curing
 l - 2 potions of mutation
 r - 3 potions of haste
 s - a potion of cancellation {unknown}
 v - 2 potions of attraction {unknown}
 w - a potion of magic {unknown}
 z - a potion of ambrosia {unknown}
 E - a potion of flight {unknown}


   Skills:
 + Level 7.0 Fighting
 + Level 5.1 Short Blades
 + Level 5.1 Long Blades
 + Level 5.1 Axes
 + Level 5.1 Maces & Flails
 + Level 5.1 Polearms
 + Level 5.1 Staves
 + Level 5.1 Ranged Weapons
 + Level 5.1 Throwing
 + Level 5.1 Armour
 + Level 11.6 Dodging
 + Level 5.1 Stealth
 + Level 5.1 Shields
 + Level 5.1 Unarmed Combat
 + Level 5.9 Spellcasting
 + Level 4.2 Conjurations
 + Level 4.2 Hexes
 + Level 4.2 Summonings
 + Level 4.2 Necromancy
 + Level 4.2 Translocations
 + Level 5.8 Transmutations
 + Level 4.2 Fire Magic
 + Level 4.2 Ice Magic
 + Level 4.2 Air Magic
 + Level 4.2 Earth Magic
 + Level 4.2 Poison Magic
 + Level 5.6 Invocations
 + Level 5.1 Evocations


You had 19 spell levels left.
You knew the following spells:

 Your Spells              Type           Power      Damage    Failure   Level
a - Beastly Appendage     Tmut           32%        N/A       10%         1

Your spell library contained the following spells:

 Spells                   Type           Power      Damage    Failure   Level
 Wereblood                Tmut           16%        N/A       14%         2
 Passwall                 Tmut/Erth      11%        N/A       19%         2
 Blink                    Tloc           24%        N/A       26%         2
 Ensorcelled Hibernation  Hex/Ice        24%        N/A       26%         2
 Spider Form              Tmut/Pois      14%        N/A       36%         3
 Ignite Poison            Fire/Tmut/Pois 13%        N/A       38%         3
 Swiftness                Air            12%        N/A       45%         3
 Anguish                  Hex/Necr       6%         N/A       86%         4
 Manifold Assault         Tloc           12%        N/A       86%         4
 Alistair's Intoxication  Tmut/Pois      9%         N/A       98%         5
 Irradiate                Conj/Tmut      7%         3d14      98%         5
 Storm Form               Tmut/Air       7%         N/A       100%        7


Dungeon Overview and Level Annotations

Branches:
Dungeon (8/15)             Temple (0/1) D:6           Sewer (visited)
   Lair: D:8-11

Altars:
Ashenzari
Cheibriados
Nemelex Xobeh
Sif Muna
Uskayaw
Vehumet
Xom
Zin
The Shining One

Shops:
D:7 *

Annotations:
D:2 1 runed translucent door, Crazy Yiuf
D:6 Sigmund


Innate Abilities, Weirdness & Mutations

You have very sharp teeth.
Your uncanny sense of smell can sniff out nearby items.
Your experience applies equally to all skills.


Message History

You hit the yak.
The yak is lightly wounded.
The yak barely misses you.
The yak gores the yak!
The orc closely misses you.
You hit the yak but do no damage.
The yak is almost dead.
The yak seems less confused. x4
You hit the yak but do no damage. Your bite misses the yak.
The yak is almost dead.
You block the orc's attack. The yak barely misses you. The yak gores you.
You hit the yak.
You kill the yak!
The orc completely misses you. The yak gores you!
Your Fighting skill increases to level 7!
The orc hits you but does no damage.
Okay, then.
The yak attacks as you move away! The yak gores you!
You block the orc's attack.
Okay, then.
You barely miss the yak.
The yak is lightly wounded.
The yak misses you. The yak attacks as you move away! The yak gores you.
You hit the yak.
The yak is severely wounded.
You hit the yak.
The yak is almost dead.
The yak barely misses you. The yak gores you!
* * * LOW HITPOINT WARNING * * *
You hit the yak but do no damage.
The yak is almost dead.
The yak gores you.
* * * LOW HITPOINT WARNING * * *
The yak completely misses you. The yak attacks as you move away!
The yak gores you!
* * * LOW HITPOINT WARNING * * *
The yak attacks as you move away! The yak gores you but does no damage.
The yak attacks as you move away! The yak barely misses you.
Okay, then.
The yak attacks as you move away! The yak gores you!
You die...

##..##
#######..####.##..#
#..## ##..#..###.##
#.## ##...## #.#
### ##### ##†# ####
###(## .... ##.†.#
#..# #.o.##
#..#######†..#
#.@Y.Y......#
##.Y.o......#
##.........#
#...####### #....#
#.##.# ... #.# ..#
#.#


You could see 3 yaks and an orc.

Vanquished Creatures
  A two-headed ogre (D:8)
  Pikel (D:7)
  Grinder (D:6)
  A wyvern (D:7)
  3 yaks (D:8)
  An orc warrior (D:8)
  A black bear (D:7)
  A sky beast (D:7)
  An ogre (D:5)
  A lemure (D:7)
  5 bullfrogs
  A gnoll sergeant (D:8)
  4 scorpions
  A vampire bat (D:4)
  2 hounds
  2 orc priests
  A jelly (D:4)
  6 iguanas
  2 sleepcaps
  3 orc wizards
  5 gnolls
  11 adders
  6 river rats (Sewer)
  2 shadow imps
  A white imp (D:7)
  An ufetubus (D:4)
  2 worms
  3 dart slugs
  3 fire bats (D:4)
  16 orcs
  2 spectral bats (D:4)
  15 bats
  3 bat skeletons (D:4)
  A bat zombie (D:4)
  8 endoplasms
  8 giant cockroaches
  5 goblins
  8 hobgoblins
  5 quokkas
  20 ball pythons
  A bat simulacrum (D:4)
  3 frilled lizards
  5 kobolds
  24 rats
  A spectral hobgoblin (D:2)
198 creatures vanquished.

Notes
Turn   | Place    | Note
-------+----------+-------------------------------------------
     0 | D:1      | Reached skill level 10 in Dodging
     0 | D:1      | AIAndy the Gnoll Wanderer began the quest for the Orb.
     0 | D:1      | AIAndy set off with the following items: a +0 dagger, 2
                  | throwing nets, a scroll of teleportation, a potion of heal
                  | wounds, a +0 leather armour; and the following spell
                  | memorised: Beastly Appendage; and the following spells
                  | available to memorise: Ignite Poison.
     0 | D:1      | Reached XP level 1. HP: 20/20 MP: 4/4
   183 | D:1      | Reached XP level 2. HP: 22/26 MP: 3/5
   512 | D:1      | Reached XP level 3. HP: 28/31 MP: 5/7
   719 | D:1      | Reached skill level 1 in Invocations
   920 | D:2      | Reached skill level 1 in Short Blades
   920 | D:2      | Reached skill level 1 in Long Blades
   920 | D:2      | Reached skill level 1 in Axes
   920 | D:2      | Reached skill level 1 in Maces & Flails
   920 | D:2      | Reached skill level 1 in Polearms
   920 | D:2      | Reached skill level 1 in Staves
   920 | D:2      | Reached skill level 1 in Ranged Weapons
   920 | D:2      | Reached skill level 1 in Throwing
   920 | D:2      | Reached skill level 1 in Armour
   920 | D:2      | Reached skill level 1 in Stealth
   920 | D:2      | Reached skill level 1 in Shields
   920 | D:2      | Reached skill level 1 in Unarmed Combat
   920 | D:2      | Reached skill level 1 in Evocations
   928 | D:2      | Reached XP level 4. HP: 31/38 MP: 6/8
  1072 | D:2      | Found a faded altar of an unknown god.
  1082 | D:2      | Prayed at the altar of an unknown god.
  1082 | D:2      | Became a worshipper of Uskayaw the Reveller
  1082 | D:2      | Reached * piety under Uskayaw
  1276 | D:2      | Found a runed translucent door.
  1277 | D:2      | Noticed Crazy Yiuf
  2038 | D:3      | Reached skill level 1 in Conjurations
  2038 | D:3      | Reached skill level 1 in Hexes
  2038 | D:3      | Reached skill level 1 in Summonings
  2038 | D:3      | Reached skill level 1 in Necromancy
  2038 | D:3      | Reached skill level 1 in Translocations
  2038 | D:3      | Reached skill level 1 in Fire Magic
  2038 | D:3      | Reached skill level 1 in Ice Magic
  2038 | D:3      | Reached skill level 1 in Air Magic
  2038 | D:3      | Reached skill level 1 in Earth Magic
  2038 | D:3      | Reached skill level 1 in Poison Magic
  2194 | D:3      | Found a glowing drain.
  2207 | Sewer    | Entered a sewer
  2252 | Sewer    | Reached ** piety under Uskayaw
  2275 | Sewer    | Reached XP level 5. HP: 12/43 MP: 0/9
  2276 | Sewer    | Reached *** piety under Uskayaw
  2730 | Sewer    | Reached skill level 5 in Fighting
  2730 | Sewer    | Reached XP level 6. HP: 14/51 MP: 4/11
  2951 | D:3      | Found a glowing golden altar of the Shining One.
  3376 | D:4      | Reached XP level 7. HP: 47/56 MP: 10/12
  3552 | D:4      | Found a shimmering altar of Xom.
  3578 | D:4      | Found a radiant altar of Vehumet.
  3580 | D:4      | Found a glowing silver altar of Zin.
  3992 | D:4      | Reached **** piety under Uskayaw
  4002 | D:4      | Reached ***** piety under Uskayaw
  4261 | D:5      | Entered Level 5 of the Dungeon
  4402 | D:5      | Reached XP level 8. HP: 63/63 MP: 14/14
  4495 | D:5      | Found a shimmering blue altar of Sif Muna.
  4496 | D:5      | Found a broken altar of Ashenzari.
  4498 | D:5      | Found a snail-covered altar of Cheibriados.
  5165 | D:5      | Found a sparkling altar of Nemelex Xobeh.
  5307 | D:5      | Got Waoga Beogu's Folio of Reconstruction
  5408 | D:6      | Noticed Grinder
  5431 | D:6      | Killed Grinder
  5432 | D:6      | Reached skill level 11 in Dodging
  5578 | D:6      | Found a staircase to the Ecumenical Temple.
  5691 | D:6      | Noticed Sigmund
  6058 | D:7      | Noticed a wyvern
  6064 | D:7      | Killed a wyvern
  6065 | D:7      | Reached skill level 5 in Transmutations
  6258 | D:7      | Reached XP level 9. HP: 56/69 MP: 16/16
  6401 | D:7      | Noticed Pikel
  6421 | D:7      | Killed Pikel
  6422 | D:7      | Reached skill level 5 in Spellcasting
  6661 | D:7      | Found Zusywaj's Assorted Antiques.
  6664 | D:7      | Bought a scroll labelled GOXTUNAMAA for 31 gold pieces
  6664 | D:7      | Bought a scroll labelled XOVYLUE HARI for 31 gold pieces
  6664 | D:7      | Bought 3 scrolls of identify for 186 gold pieces
  6664 | D:7      | Bought a white potion for 27 gold pieces
  6664 | D:7      | Bought a scroll labelled BUDOHOPS JOOG for 31 gold pieces
  6664 | D:7      | Bought a scroll labelled GIDGHAE CYPS for 31 gold pieces
  7504 | D:8      | Reached skill level 5 in Invocations
  7621 | D:8      | Noticed a two-headed ogre
  7632 | D:8      | Killed a two-headed ogre
  7717 | D:8      | Reached skill level 5 in Short Blades
  7717 | D:8      | Reached skill level 5 in Long Blades
  7717 | D:8      | Reached skill level 5 in Axes
  7717 | D:8      | Reached skill level 5 in Maces & Flails
  7717 | D:8      | Reached skill level 5 in Polearms
  7717 | D:8      | Reached skill level 5 in Staves
  7717 | D:8      | Reached skill level 5 in Ranged Weapons
  7717 | D:8      | Reached skill level 5 in Throwing
  7717 | D:8      | Reached skill level 5 in Armour
  7717 | D:8      | Reached skill level 5 in Stealth
  7717 | D:8      | Reached skill level 5 in Shields
  7717 | D:8      | Reached skill level 5 in Unarmed Combat
  7717 | D:8      | Reached skill level 5 in Evocations
  7717 | D:8      | Reached XP level 10. HP: 63/77 MP: 12/18
  7754 | D:8      | Slain by a yak

Illustrated notes

Levels and vault maps discovered:
D:1:      nzn_arrival_settlement, layout_basic, minmay_misc_feat_enclosed
D:2:      layout_basic, dreamdust_ecumenical_altar_drowned_temple,
          minmay_fractal_squares_5, uniq_crazy_yiuf_cottage
D:3:      layout_loops_corners, nicolae_overflow_hidden_temple,
          cheibrodos_sewer_entry_bend, serial_glass, glass_columns_b,
          glass_columns_b, due_unseen_surprise, minmay_misc_feat_iff
D:4:      minmay_wonky_spiral, layout_basic, jmf_multi_god_temple,
          mainiacjoe_overflow_tiny_flanked, goddamned_bats
D:5:      layout_cave_pods, chequers_temple_overflow_statue_of_worship,
          nemelex_xobeh_ov_fountains_minmay, kennysheep_generic_room_2
D:6:      layout_cave_pools, riverfiend_overflow_shadow_ancestor,
          minmay_temple_entry_mist, uniq_blork_the_orc, uniq_grinder,
          uniq_sigmund
D:7:      layout_gridville, serial_shops, kennysheep_mini, uniq_pikel
D:8:      layout_layer_cave

Skill      XL: |  1  2  3  4  5  6  7  8  9 10 |
---------------+-------------------------------+-----
Dodging        | 11 | 11.6
Invocations    | 1 2 3 4 5 |  5.6
Short Blades   | 1 2 3 5 |  5.1
Long Blades    | 1 2 3 5 |  5.1
Axes           | 1 2 3 5 |  5.1
Maces & Flails | 1 2 3 5 |  5.1
Polearms       | 1 2 3 5 |  5.1
Staves         | 1 2 3 5 |  5.1
Ranged Weapons | 1 2 3 5 |  5.1
Throwing       | 1 2 3 5 |  5.1
Armour         | 1 2 3 5 |  5.1
Stealth        | 1 2 3 5 |  5.1
Shields        | 1 2 3 5 |  5.1
Unarmed Combat | 1 2 3 5 |  5.1
Evocations     | 1 2 3 5 |  5.1
Spellcasting   | 3 4 5 |  5.9
Conjurations   | 1 2 3 4 |  4.2
Hexes          | 1 2 3 4 |  4.2
Summonings     | 1 2 3 4 |  4.2
Necromancy     | 1 2 3 4 |  4.2
Translocations | 1 2 3 4 |  4.2
Fire Magic     | 1 2 3 4 |  4.2
Ice Magic      | 1 2 3 4 |  4.2
Air Magic      | 1 2 3 4 |  4.2
Earth Magic    | 1 2 3 4 |  4.2
Poison Magic   | 1 2 3 4 |  4.2
Transmutations | 4 5 |  5.8
Fighting       | 5 6 7 |  7.0

Action                     |  1- 3 |  4- 6 |  7- 9 | 10-12 || total
---------------------------+-------+-------+-------+-------++-------
  Melee: Dagger            |    19 |       |   384 |    15 ||   418
         Headbutt          |    12 |     8 |     7 |     2 ||    29
         Kick              |    11 |    23 |     6 |     3 ||    43
         Short sword       |    54 |    51 |       |       ||   105
         Bite              |     5 |    24 |    50 |       ||    79
         Punch             |     2 |     2 |    16 |     1 ||    21
         Long sword        |       |   188 |    29 |       ||   217
   Fire: Sling             |       |       |    62 |       ||    62
  Throw: Dart              |       |       |       |     2 ||     2
   Cast: Beastly Appendage |    17 |    20 |     7 |       ||    44
 Invoke: Line Pass         |       |       |     1 |     2 ||     3
  Evoke: Wand              |       |       |     4 |       ||     4
    Use: Scroll            |       |     5 |     5 |       ||    10
         Potion            |       |     4 |     3 |       ||     7
   Stab: Sleeping          |     5 |     2 |     3 |       ||    10
         Paralysed         |       |     4 |     7 |       ||    11
 Armour: Leather armour    |     8 |   106 |    42 |       ||   156
         Scale mail        |       |       |    73 |     4 ||    77
  Dodge: Dodged            |    53 |   460 |   326 |    14 ||   853
  Block: Other             |       |       |    37 |     6 ||    43
